Rampage vs Little Stars
(R1)
Created - February 23, 2024 at 09:10
Goals
|
| Rampage |
0 |
2 |
0 |
2 |
| Little Stars |
0 |
1 |
5 |
6 |
|
Shots
|
| Rampage |
15 |
13 |
9 |
37 |
| Little Stars |
10 |
6 |
21 |
37 |
|
1st period
No Goal
Penalties :
Jason Dickinson (Tex) for Holding Stick (Minor) at 8:33, Joakim Nygard (Tex) for Goalie Interference (Minor) at 15:45, Evan Bouchard (Tex) for Hooking (Minor) at 19:09
2nd period
1. Little Stars , Adam Tambellini 35 (Ilya Mikheyev 43, Daniel O'regan 51) at 4:18 (PP)
2. Rampage , Dominik Simon 29 (Rourke Chartier 45) at 12:07
3. Rampage , Pierre Engvall 6 (Joachim Blichfeld 31, Jeremy Lauzon 31) at 12:56 (PP)
Penalties :
Dominik Simon (San) for Roughing (Minor) at 4:10, Anton Cederholm (Tex) for Hooking (Minor) at 4:53, Emil Bemstrom (San) for Hooking (Minor) at 8:59, Anton Cederholm (Tex) for Holding (Minor) at 12:20, Rourke Chartier (San) for Hooking (Minor) at 13:58, Evan Bouchard (Tex) for Roughing (Minor) at 17:18
3rd period
4. Little Stars , Filip Chytil 7 (Emile Poirier 12, Anton Cederholm 1) at 2:04
5. Little Stars , Daniel O'regan 34 (Ilya Mikheyev 44, Adam Tambellini 39) at 3:46
6. Little Stars , Ilya Mikheyev 22 (Daniel O'regan 52) at 10:12 (PP)
7. Little Stars , Jason Dickinson 20 (Joakim Nygard 29, Reece Willcox 31) at 12:08
8. Little Stars , Ilya Mikheyev 23 (Daniel O'regan 53) at 19:26
Penalties :
Artturi Lehkonen (San) for Holding (Minor) at 9:55, Daniel O'regan (Tex) for Hooking (Minor) at 12:21, Joachim Blichfeld (San) for Holding (Minor) at 19:33
Goalie Stats
Jake Oettinger (San), 31 saves from 37 shots - (0.838), L, 24-14-1, 60:00 minutes
Michael Houser (Tex), 35 saves from 37 shots - (0.946), W, 23-11-3, 60:00 minutes
Players Stats for Rampage
Player Name G A P +/- PIM S H SB GA TA FO MP PP MP PK MP
------------------------------------------------------------------------------------
Anthony Richard 0 0 0 -3 0 3 1 0 0 1 6/11 16:47 5:19 0:14
Artturi Lehkonen 0 0 0 0 2 2 1 0 1 0 0/0 11:36 0:00 0:51
Dominik Simon 1 0 1 1 2 8 1 1 1 1 2/3 21:45 7:11 0:37
Dylan Blujus 0 0 0 -1 0 1 1 0 0 0 0/0 15:56 0:00 1:50
Dylan Sikura 0 0 0 0 0 3 0 1 1 1 2/2 11:24 0:00 1:05
Emil Bemstrom 0 0 0 -1 2 2 0 0 0 0 0/0 7:09 0:00 0:00
Ethan Bear 0 0 0 -1 0 2 1 1 0 1 0/0 30:07 7:37 2:40
Frederic Allard 0 0 0 -1 0 0 0 3 0 1 0/0 8:11 0:00 0:19
Henri Jokiharju 0 0 0 -1 0 0 0 1 0 0 0/0 21:01 4:53 2:59
Jeremy Lauzon 0 1 1 -1 0 3 0 4 0 1 0/0 29:29 7:37 1:50
Joachim Blichfeld 0 1 1 1 2 0 0 1 0 1 0/0 19:09 5:19 0:00
Jordan Kyrou 0 0 0 -3 0 4 1 1 2 1 0/0 17:30 6:58 0:00
Matt Roy 0 0 0 -1 0 1 0 0 0 1 0/0 15:16 4:53 0:00
Paul Cotter 0 0 0 -1 0 1 3 0 0 0 0/0 7:09 0:00 0:00
Pierre Engvall 1 0 1 -3 0 1 1 0 0 2 1/1 19:27 5:19 2:53
Rourke Chartier 0 1 1 1 2 6 3 0 0 0 17/34 21:08 7:11 0:00
Trent Frederic 0 0 0 -1 0 0 1 2 0 0 1/9 10:38 0:13 2:53
Zach Stepan 0 0 0 0 0 0 1 1 0 0 4/5 11:24 0:00 1:05
Players Stats for Little Stars
Player Name G A P +/- PIM S H SB GA TA FO MP PP MP PK MP
------------------------------------------------------------------------------------
Adam Tambellini 1 1 2 1 0 3 0 0 2 0 0/2 24:11 3:02 7:10
Anton Cederholm 0 1 1 0 4 2 2 2 2 0 0/0 27:56 2:53 6:00
Cal Burke 0 0 0 1 0 0 1 0 0 0 0/0 7:29 0:00 0:00
Connor Mackey 0 0 0 1 0 1 0 0 1 0 0/0 12:11 0:00 1:59
Daniel O'regan 1 3 4 1 2 3 4 1 2 1 23/42 23:40 3:02 6:11
Emile Poirier 0 1 1 1 0 3 0 0 0 0 0/0 10:03 0:00 2:22
Evan Bouchard 0 0 0 2 4 1 3 2 1 2 0/0 19:47 1:56 4:24
Filip Chytil 1 0 1 1 0 1 0 0 0 0 3/3 10:11 0:00 2:30
Ilya Mikheyev 2 2 4 1 0 5 2 0 0 0 0/1 16:20 3:02 0:00
Jason Dickinson 1 0 1 1 2 3 2 0 0 0 4/10 16:19 1:47 3:41
Joakim Nygard 0 1 1 1 2 6 3 0 1 0 0/0 15:45 1:47 2:45
Justin Auger 0 0 0 0 0 0 0 0 0 1 0/0 9:54 0:00 0:00
Lawrence Pilut 0 0 0 1 0 1 0 0 0 0 0/0 12:24 0:00 1:40
Matt Luff 0 0 0 1 0 1 0 0 1 0 0/1 12:25 1:47 0:00
Radel Fazleev 0 0 0 0 0 2 0 0 0 0 2/6 10:31 0:00 0:08
Reece Willcox 0 1 1 2 0 1 1 0 0 0 0/0 19:04 1:56 3:25
Shane Gersich 0 0 0 0 0 3 2 0 1 0 0/0 10:07 0:00 0:13
Wiley Sherman 0 0 0 0 0 1 2 2 0 1 0/0 29:06 2:53 7:32
3 Stars
1 - Ilya Mikheyev (Tex)
2 - Daniel O'regan (Tex)
3 - Adam Tambellini (Tex)
Power Play
Rampage - 1 on 7 Attempt(s) - 14.29%
Little Stars - 2 on 5 Attempt(s) - 40.00%
Penalty Kill
Rampage - 3 on 5 Attempt(s) - 60.00%
- Score 0 goal in Penalty Kill
Little Stars - 6 on 7 Attempt(s) - 85.71%
- Score 0 goal in Penalty Kill
Team Stat
Rampage - Hits : 15 - Faceoff Wins : 33 - Blocked Shots : 16 - Penalty Minutes : 10
Little Stars - Hits : 22 - Faceoff Wins : 32 - Blocked Shots : 7 - Penalty Minutes : 14
Official
Referees : Brad Meier and Tim Peel
Linesman : James Tobias and Derek Nansen
Game Notes
No Game Note
Finance
Level 1 -- Attendance: 2000 (100.00%) -- Ticket Income $140,000
Level 2 -- Attendance: 1000 (100.00%) -- Ticket Income $40,000
Total Attendance: 3000 (100.00%)
Total Ticket Income: $180,000
Other Income: $9,000
Total Income: $189,000
Rampage
5 vs 5 Forward
Center Left Wing Right Wing Time % Phy DF OF
1 Rourke Chartier Dominik Simon Joachim Blichfeld 40 1 2 2
2 Anthony Richard Pierre Engvall Jordan Kyrou 30 1 2 2
3 Zach Stepan Artturi Lehkonen Dylan Sikura 20 1 2 2
4 Trent Frederic Paul Cotter Emil Bemstrom 10 1 2 2
5 vs 5 Defense
Defense Defense Time % Phy DF OF
1 Jeremy Lauzon Ethan Bear 40 1 2 2
2 Dylan Blujus Henri Jokiharju 30 1 2 2
3 Frederic Allard Matt Roy 20 1 2 2
4 Matt Roy Dylan Blujus 10 1 2 2
PowerPlay Forward
Center Left Wing Right Wing Time % Phy DF OF
1 Rourke Chartier Dominik Simon Jordan Kyrou 60 1 2 2
2 Anthony Richard Pierre Engvall Joachim Blichfeld 40 1 2 2
PowerPlay Defense
Defense Defense Time % Phy DF OF
1 Ethan Bear Jeremy Lauzon 60 1 2 2
2 Henri Jokiharju Matt Roy 40 1 2 2
Penalty Kill 4 Players Forward
Center Wing Time % Phy DF OF
1 Trent Frederic Pierre Engvall 60 1 2 2
2 Zach Stepan Dylan Sikura 40 1 2 2
Penalty Kill 4 Players Defense
Defense Defense Time % Phy DF OF
1 Ethan Bear Henri Jokiharju 60 1 2 2
2 Dylan Blujus Jeremy Lauzon 40 1 2 2
Penalty Kill - 3 Players Forward
Forward Time % Phy DF OF
1 Trent Frederic 60 1 2 2
2 Pierre Engvall 40 1 2 2
Penalty Kill - 3 Players Defense
Defense Defense Time % Phy DF OF
1 Henri Jokiharju Dylan Blujus 60 1 2 2
2 Jeremy Lauzon Ethan Bear 40 1 2 2
4 vs 4 Forward
Center Wing Time % Phy DF OF
1 Rourke Chartier Dominik Simon 60 1 2 2
2 Zach Stepan Pierre Engvall 40 1 2 2
4 vs 4 Defense
Defense Defense Time % Phy DF OF
1 Matt Roy Ethan Bear 60 1 2 2
2 Dylan Blujus Jeremy Lauzon 40 1 2 2
Last Minutes Offensive
Center Left Wing Right Wing Defense Defense
Rourke Chartier Dominik Simon Joachim Blichfeld Jeremy Lauzon Ethan Bear
Last Minutes Defensive
Center Left Wing Right Wing Defense Defense
Trent Frederic Pierre Engvall Dylan Sikura Ethan Bear Henri Jokiharju
Goaltenders
Starting : Jake Oettinger
Backup : Magnus Hellberg
Extra Forwards
Normal : Dominik Simon, Dylan Sikura, Zach Stepan - PP : Trent Frederic, Jordan Kyrou - PK : Artturi Lehkonen
Extra Defensemen
Normal : Dylan Blujus, Ethan Bear, Henri Jokiharju - PP : Matt Roy - PK : Frederic Allard, Matt Roy
Penalty Shots
Jordan Kyrou, Rourke Chartier, Anthony Richard, Joachim Blichfeld, Dylan Sikura
Custom OT Lines Forwards
Dominik Simon, Pierre Engvall, Rourke Chartier, Jordan Kyrou, Dylan Sikura, Anthony Richard, Joachim Blichfeld, Zach Stepan, Artturi Lehkonen, Paul Cotter
Custom OT Lines Defensemen
Ethan Bear, Dylan Blujus, Jeremy Lauzon, Matt Roy, Henri Jokiharju
Scratches
Rasmus Kupari (Healthy), Nathan Smith (Healthy), Calen Addison (Healthy), Sami Niku (Healthy), Warren Foegele (Healthy)
Grigori Denisenko (Healthy), Trey Fix-Wolansky (Healthy), Emil Larmi (Healthy)
Little Stars
5 vs 5 Forward
Center Left Wing Right Wing Time % Phy DF OF
1 Daniel O'regan Adam Tambellini Ilya Mikheyev 40 1 2 2
2 Jason Dickinson Joakim Nygard Matt Luff 30 1 2 2
3 Radel Fazleev Shane Gersich Justin Auger 20 1 2 2
4 Filip Chytil Emile Poirier Cal Burke 10 1 2 2
5 vs 5 Defense
Defense Defense Time % Phy DF OF
1 Anton Cederholm Wiley Sherman 40 1 2 2
2 Reece Willcox Evan Bouchard 30 1 2 2
3 Connor Mackey Lawrence Pilut 20 1 2 2
4 Anton Cederholm Wiley Sherman 10 1 2 2
PowerPlay Forward
Center Left Wing Right Wing Time % Phy DF OF
1 Daniel O'regan Adam Tambellini Ilya Mikheyev 60 1 2 2
2 Jason Dickinson Joakim Nygard Matt Luff 40 1 2 2
PowerPlay Defense
Defense Defense Time % Phy DF OF
1 Anton Cederholm Wiley Sherman 60 1 2 2
2 Reece Willcox Evan Bouchard 40 1 2 2
Penalty Kill 4 Players Forward
Center Wing Time % Phy DF OF
1 Daniel O'regan Adam Tambellini 60 1 2 2
2 Jason Dickinson Joakim Nygard 40 1 2 2
Penalty Kill 4 Players Defense
Defense Defense Time % Phy DF OF
1 Anton Cederholm Wiley Sherman 60 1 2 2
2 Reece Willcox Evan Bouchard 40 1 2 2
Penalty Kill - 3 Players Forward
Forward Time % Phy DF OF
1 Daniel O'regan 60 1 2 2
2 Jason Dickinson 40 1 2 2
Penalty Kill - 3 Players Defense
Defense Defense Time % Phy DF OF
1 Anton Cederholm Wiley Sherman 60 1 2 2
2 Reece Willcox Evan Bouchard 40 1 2 2
4 vs 4 Forward
Center Wing Time % Phy DF OF
1 Daniel O'regan Adam Tambellini 60 1 2 2
2 Jason Dickinson Joakim Nygard 40 1 2 2
4 vs 4 Defense
Defense Defense Time % Phy DF OF
1 Anton Cederholm Wiley Sherman 60 1 2 2
2 Reece Willcox Evan Bouchard 40 1 2 2
Last Minutes Offensive
Center Left Wing Right Wing Defense Defense
Daniel O'regan Adam Tambellini Ilya Mikheyev Anton Cederholm Wiley Sherman
Last Minutes Defensive
Center Left Wing Right Wing Defense Defense
Daniel O'regan Adam Tambellini Ilya Mikheyev Anton Cederholm Wiley Sherman
Goaltenders
Starting : Michael Houser
Backup : Danil Tarasov
Extra Forwards
Normal : Jason Dickinson, Shane Gersich, Matt Luff - PP : Jason Dickinson, Shane Gersich - PK : Jason Dickinson
Extra Defensemen
Normal : Evan Bouchard, Connor Mackey, Lawrence Pilut - PP : Evan Bouchard - PK : Evan Bouchard, Connor Mackey
Penalty Shots
Ilya Mikheyev, Adam Tambellini, Daniel O'regan, Joakim Nygard, Jason Dickinson
Custom OT Lines Forwards
Ilya Mikheyev, Adam Tambellini, Daniel O'regan, Joakim Nygard, Jason Dickinson, Shane Gersich, Matt Luff, Emile Poirier, Justin Auger, Radel Fazleev
Custom OT Lines Defensemen
Anton Cederholm, Wiley Sherman, Reece Willcox, Evan Bouchard, Connor Mackey
Scratches
Jack McBain (Healthy), Jean-Christophe Beaudin (Healthy), Rudolfs Balcers (Healthy), Tucker Poolman (Right Leg Injury), Ville Pokka (Groin Injury)
Yakov Trenin (Healthy), Joey Anderson (Healthy), Jonathan Dahlen (Healthy), Givani Smith (Healthy), Blade Jenkins (Healthy)
Bulat Shafigullin (Healthy), Michael Giugovaz (Healthy)
% Time on Ice - Rampage
Lines # - Real PCT - Wanted PCT - Time Play
Normal Forward
1 - 33% - 40% - 13:59
2 - 26% - 30% - 11:14
3 - 24% - 20% - 10:19
4 - 17% - 10% - 7:09
Normal Defense
1 - 46% - 40% - 19:50
2 - 31% - 30% - 13:21
3 - 18% - 20% - 7:52
4 - 4% - 10% - 1:38
PP Forward
1 - 57% - 60% - 7:11
2 - 43% - 40% - 5:19
PP Defense
1 - 61% - 60% - 7:37
2 - 39% - 40% - 4:53
PK Forward
1 - 78% - 60% - 3:44
2 - 22% - 40% - 1:05
PK Defense
1 - 62% - 60% - 2:59
2 - 38% - 40% - 1:50
PK3 Forward
1 - 0% - 60%
2 - 0% - 40%
PK3 Defense
1 - 0% - 60%
2 - 0% - 40%
44 Forward
1 - 0% - 60%
2 - 0% - 40%
44 Defense
1 - 0% - 60%
2 - 0% - 40%
Last Minute Offensive - 0:00
Last Minute Defensive - 0:00
Total
Forward - 60:00
Defense - 60:00
|
% Time on Ice - Little Stars
Lines # - Real PCT - Wanted PCT - Time Play
Normal Forward
1 - 34% - 40% - 14:40
2 - 25% - 30% - 10:38
3 - 23% - 20% - 9:54
4 - 18% - 10% - 7:29
Normal Defense
1 - 42% - 40% - 17:58
2 - 32% - 30% - 13:43
3 - 24% - 20% - 10:12
4 - 2% - 10% - 0:48
PP Forward
1 - 63% - 60% - 3:02
2 - 37% - 40% - 1:47
PP Defense
1 - 60% - 60% - 2:53
2 - 40% - 40% - 1:56
PK Forward
1 - 74% - 60% - 9:17
2 - 26% - 40% - 3:13
PK Defense
1 - 71% - 60% - 8:55
2 - 29% - 40% - 3:35
PK3 Forward
1 - 0% - 60%
2 - 0% - 40%
PK3 Defense
1 - 0% - 60%
2 - 0% - 40%
44 Forward
1 - 0% - 60%
2 - 0% - 40%
44 Defense
1 - 0% - 60%
2 - 0% - 40%
Last Minute Offensive - 0:00
Last Minute Defensive - 0:00
Total
Forward - 60:00
Defense - 60:00
|
Play-by-Play
1st period
0:01 of 1st period - Daniel O'regan wins face-off versus Rourke Chartier in neutral zone.
1:39 of 1st period - Wrist shot by Cal Burke.
1:39 of 1st period - Deflect By Filip Chytil.
1:39 of 1st period - Shot Misses the Net.
1:39 of 1st period - Puck is out of play.
1:40 of 1st period - Rourke Chartier wins face-off versus Daniel O'regan in Rampage zone.
1:40 of 1st period - Rourke Chartier is hit by Daniel O'regan.
2:13 of 1st period - Icing by Dylan Blujus.
2:14 of 1st period - Zach Stepan wins face-off versus Jason Dickinson in Rampage zone.
2:23 of 1st period - Snap shot by Artturi Lehkonen.
2:23 of 1st period - Shot Blocked by Evan Bouchard.
2:41 of 1st period - Dylan Blujus is hit by Evan Bouchard and loses puck.
3:06 of 1st period - Jordan Kyrou is hit by Shane Gersich and loses puck.
3:21 of 1st period - Wrist shot by Jordan Kyrou.
3:21 of 1st period - Deflect By Paul Cotter.
3:21 of 1st period - Stopped by Michael Houser without a rebound.
3:22 of 1st period - Filip Chytil wins face-off versus Trent Frederic in Little Stars zone.
3:33 of 1st period - Slapshot by Wiley Sherman.
3:33 of 1st period - Shot Blocked by Frederic Allard.
4:22 of 1st period - Snap shot by Ilya Mikheyev.
4:22 of 1st period - Stopped by Jake Oettinger without a rebound.
4:23 of 1st period - Anthony Richard wins face-off versus Jason Dickinson in Rampage zone.
4:23 of 1st period - Anthony Richard is hit by Reece Willcox.
4:49 of 1st period - Anthony Richard is hit by Evan Bouchard.
5:09 of 1st period - Snap shot by Jordan Kyrou.
5:09 of 1st period - Shot Misses the Net.
5:17 of 1st period - Slapshot by Radel Fazleev.
5:17 of 1st period - Stopped by Jake Oettinger with a rebound.
5:19 of 1st period - Slapshot by Evan Bouchard.
5:19 of 1st period - Shot Blocked by Frederic Allard.
5:21 of 1st period - Snap shot by Radel Fazleev.
5:21 of 1st period - Stopped by Jake Oettinger with a rebound.
5:27 of 1st period - Wrist shot by Shane Gersich.
5:27 of 1st period - Deflect By Justin Auger.
5:27 of 1st period - Shot Misses the Net.
5:27 of 1st period - Puck is out of play.
5:28 of 1st period - Dominik Simon wins face-off versus Daniel O'regan in Rampage zone.
5:42 of 1st period - Snap shot by Dominik Simon.
5:42 of 1st period - Stopped by Michael Houser with a rebound.
5:54 of 1st period - Lawrence Pilut is hit by Ethan Bear and loses puck.
6:31 of 1st period - Slapshot by Dominik Simon.
6:31 of 1st period - Stopped by Michael Houser without a rebound.
6:32 of 1st period - Rourke Chartier wins face-off versus Daniel O'regan in Little Stars zone.
6:39 of 1st period - Wrist shot by Rourke Chartier.
6:39 of 1st period - Stopped by Michael Houser with a rebound.
7:11 of 1st period - Snap shot by Joakim Nygard.
7:11 of 1st period - Shot Misses the Net.
7:21 of 1st period - Radel Fazleev is hit by Jordan Kyrou and loses puck.
7:30 of 1st period - Backhand shot by Shane Gersich.
7:30 of 1st period - Shot Blocked by Jeremy Lauzon.
8:08 of 1st period - Snap shot by Daniel O'regan.
8:08 of 1st period - Stopped by Jake Oettinger with a rebound.
8:10 of 1st period - Wrist shot by Adam Tambellini.
8:10 of 1st period - Stopped by Jake Oettinger without a rebound.
8:11 of 1st period - Jason Dickinson wins face-off versus Anthony Richard in Rampage zone.
8:18 of 1st period - Backhand shot by Matt Luff.
8:18 of 1st period - Stopped by Jake Oettinger without a rebound.
8:19 of 1st period - Anthony Richard wins face-off versus Jason Dickinson in Rampage zone.
8:33 of 1st period - Minor Penalty to Jason Dickinson for Holding Stick.
8:34 of 1st period - Rourke Chartier wins face-off versus Daniel O'regan in Little Stars zone.
8:36 of 1st period - Wrist shot by Rourke Chartier.
8:36 of 1st period - Stopped by Michael Houser without a rebound.
8:37 of 1st period - Rourke Chartier wins face-off versus Daniel O'regan in Little Stars zone.
8:40 of 1st period - Wrist shot by Dominik Simon.
8:40 of 1st period - Shot Hit the Post.
8:42 of 1st period - Slapshot by Jordan Kyrou.
8:42 of 1st period - Stopped by Michael Houser with a rebound.
8:44 of 1st period - Snap shot by Jeremy Lauzon.
8:44 of 1st period - Stopped by Michael Houser without a rebound.
8:45 of 1st period - Daniel O'regan wins face-off versus Rourke Chartier in Little Stars zone.
9:20 of 1st period - Snap shot by Joachim Blichfeld.
9:20 of 1st period - Shot Blocked by Wiley Sherman.
9:22 of 1st period - Wrist shot by Pierre Engvall.
9:22 of 1st period - Deflect By Anton Cederholm.
9:22 of 1st period - Shot Blocked by Anton Cederholm.
9:22 of 1st period - Puck is out of play.
9:23 of 1st period - Filip Chytil wins face-off versus Rourke Chartier in Little Stars zone.
9:32 of 1st period - Snap shot by Rourke Chartier.
9:32 of 1st period - Stopped by Michael Houser with a rebound.
9:34 of 1st period - Slapshot by Matt Roy.
9:34 of 1st period - Shot Blocked by Evan Bouchard.
9:36 of 1st period - Wrist shot by Jordan Kyrou.
9:36 of 1st period - Stopped by Michael Houser with a rebound.
9:38 of 1st period - Wrist shot by Rourke Chartier.
9:38 of 1st period - Stopped by Michael Houser with a rebound.
9:52 of 1st period - Snap shot by Anthony Richard.
9:52 of 1st period - Shot Misses the Net.
10:24 of 1st period - Ethan Bear is hit by Joakim Nygard and loses puck.
10:33 of 1st period - Penalty to Jason Dickinson is over, Jason Dickinson is back on ice.
11:12 of 1st period - Lawrence Pilut is hit by Paul Cotter and loses puck.
11:43 of 1st period - Slapshot by Emile Poirier.
11:43 of 1st period - Deflect By Rourke Chartier.
11:43 of 1st period - Stopped by Jake Oettinger without a rebound.
11:44 of 1st period - Zach Stepan wins face-off versus Radel Fazleev in Rampage zone.
12:48 of 1st period - Wiley Sherman is hit by Dylan Blujus and loses puck.
13:10 of 1st period - Icing by Justin Auger.
13:11 of 1st period - Anthony Richard wins face-off versus Radel Fazleev in Little Stars zone.
13:38 of 1st period - Snap shot by Shane Gersich.
13:38 of 1st period - Stopped by Jake Oettinger with a rebound.
13:50 of 1st period - Snap shot by Anthony Richard.
13:50 of 1st period - Stopped by Michael Houser without a rebound.
13:51 of 1st period - Rourke Chartier wins face-off versus Adam Tambellini in Little Stars zone.
14:02 of 1st period - Snap shot by Wiley Sherman.
14:02 of 1st period - Shot Blocked by Dominik Simon.
14:06 of 1st period - Slapshot by Adam Tambellini.
14:06 of 1st period - Shot Misses the Net.
14:45 of 1st period - Snap shot by Emil Bemstrom.
14:45 of 1st period - Stopped by Michael Houser with a rebound.
15:45 of 1st period - Minor Penalty to Joakim Nygard for Goalie Interference.
15:46 of 1st period - Daniel O'regan wins face-off versus Rourke Chartier in Little Stars zone.
16:18 of 1st period - Snap shot by Anthony Richard.
16:18 of 1st period - Stopped by Michael Houser with a rebound.
16:20 of 1st period - Slapshot by Pierre Engvall.
16:20 of 1st period - Shot Misses the Net.
16:32 of 1st period - Snap shot by Jason Dickinson.
16:32 of 1st period - Shot Blocked by Jordan Kyrou.
17:44 of 1st period - Anton Cederholm is hit by Pierre Engvall and loses puck.
17:45 of 1st period - Penalty to Joakim Nygard is over, Joakim Nygard is back on ice.
18:07 of 1st period - Wiley Sherman is hit by Zach Stepan and loses puck.
18:18 of 1st period - Slapshot by Wiley Sherman.
18:18 of 1st period - Deflect By Joakim Nygard.
18:18 of 1st period - Stopped by Jake Oettinger with a rebound.
18:20 of 1st period - Slapshot by Wiley Sherman.
18:20 of 1st period - Shot Blocked by Jeremy Lauzon.
18:22 of 1st period - Snap shot by Jason Dickinson.
18:22 of 1st period - Stopped by Jake Oettinger without a rebound.
18:23 of 1st period - Trent Frederic wins face-off versus Jason Dickinson in Rampage zone.
18:28 of 1st period - Jason Dickinson is hit by Paul Cotter and loses puck.
18:45 of 1st period - Daniel O'regan is hit by Artturi Lehkonen and loses puck.
18:52 of 1st period - Wrist shot by Dylan Sikura.
18:52 of 1st period - Stopped by Michael Houser without a rebound.
18:53 of 1st period - Rourke Chartier wins face-off versus Daniel O'regan in Little Stars zone.
19:09 of 1st period - Minor Penalty to Evan Bouchard for Hooking.
19:10 of 1st period - Dominik Simon wins face-off versus Daniel O'regan in Little Stars zone.
19:22 of 1st period - Wrist shot by Dominik Simon.
19:22 of 1st period - Deflect By Rourke Chartier.
19:22 of 1st period - Stopped by Michael Houser without a rebound.
19:23 of 1st period - Rourke Chartier wins face-off versus Adam Tambellini in Little Stars zone.
Goals for this period are 0 for Rampage vs 0 for Little Stars.
Shots for this period are 15 for Rampage vs 10 for Little Stars.
2nd period
0:01 of 2nd period - Daniel O'regan wins face-off versus Rourke Chartier in neutral zone.
0:06 of 2nd period - Wrist shot by Adam Tambellini.
0:06 of 2nd period - Shot Misses the Net.
0:08 of 2nd period - Backhand shot by Wiley Sherman.
0:08 of 2nd period - Shot Blocked by Jeremy Lauzon.
0:10 of 2nd period - Slapshot by Daniel O'regan.
0:10 of 2nd period - Shot Misses the Net.
0:12 of 2nd period - Slapshot by Anton Cederholm.
0:12 of 2nd period - Stopped by Jake Oettinger without a rebound.
0:13 of 2nd period - Daniel O'regan wins face-off versus Rourke Chartier in Rampage zone.
1:09 of 2nd period - Penalty to Evan Bouchard is over, Evan Bouchard is back on ice.
1:49 of 2nd period - Snap shot by Wiley Sherman.
1:49 of 2nd period - Shot Blocked by Trent Frederic.
2:03 of 2nd period - Snap shot by Joakim Nygard.
2:03 of 2nd period - Stopped by Jake Oettinger with a rebound.
2:37 of 2nd period - Snap shot by Shane Gersich.
2:37 of 2nd period - Stopped by Jake Oettinger without a rebound.
2:38 of 2nd period - Radel Fazleev wins face-off versus Zach Stepan in Rampage zone.
2:47 of 2nd period - Slapshot by Dylan Sikura.
2:47 of 2nd period - Deflect By Shane Gersich.
2:47 of 2nd period - Stopped by Michael Houser without a rebound.
2:48 of 2nd period - Rourke Chartier wins face-off versus Daniel O'regan in Little Stars zone.
3:05 of 2nd period - Snap shot by Ilya Mikheyev.
3:05 of 2nd period - Stopped by Jake Oettinger without a rebound.
3:06 of 2nd period - Jason Dickinson wins face-off versus Anthony Richard in Rampage zone.
3:58 of 2nd period - Snap shot by Radel Fazleev.
3:58 of 2nd period - Shot Blocked by Zach Stepan.
4:00 of 2nd period - Snap shot by Radel Fazleev.
4:00 of 2nd period - Deflect By Justin Auger.
4:00 of 2nd period - Shot Misses the Net.
4:00 of 2nd period - Puck is out of play.
4:01 of 2nd period - Radel Fazleev wins face-off versus Rourke Chartier in Rampage zone.
4:08 of 2nd period - Wrist shot by Radel Fazleev.
4:08 of 2nd period - Shot Misses the Net.
4:10 of 2nd period - Minor Penalty to Dominik Simon for Roughing.
4:11 of 2nd period - Daniel O'regan wins face-off versus Trent Frederic in Rampage zone.
4:18 of 2nd period - Wrist shot by Adam Tambellini.
4:18 of 2nd period - Goal by Adam Tambellini - Rampage : 0 - Little Stars : 1.
4:19 of 2nd period - Daniel O'regan wins face-off versus Rourke Chartier in neutral zone.
4:30 of 2nd period - Snap shot by Dominik Simon.
4:30 of 2nd period - Shot Blocked by Anton Cederholm.
4:32 of 2nd period - Snap shot by Dominik Simon.
4:32 of 2nd period - Stopped by Michael Houser without a rebound.
4:33 of 2nd period - Daniel O'regan wins face-off versus Rourke Chartier in Little Stars zone.
4:53 of 2nd period - Minor Penalty to Anton Cederholm for Hooking.
4:54 of 2nd period - Daniel O'regan wins face-off versus Dominik Simon in Little Stars zone.
5:06 of 2nd period - Evan Bouchard is hit by Rourke Chartier and loses puck.
5:52 of 2nd period - Daniel O'regan is hit by Rourke Chartier and loses puck.
6:53 of 2nd period - Penalty to Anton Cederholm is over, Anton Cederholm is back on ice.
7:09 of 2nd period - Ethan Bear is hit by Evan Bouchard and loses puck.
7:20 of 2nd period - Dylan Sikura is hit by Joakim Nygard and loses puck.
7:53 of 2nd period - Pierre Engvall is hit by Anton Cederholm and loses puck.
8:06 of 2nd period - Snap shot by Zach Stepan.
8:06 of 2nd period - Deflect By Dylan Sikura.
8:06 of 2nd period - Shot Misses the Net.
8:06 of 2nd period - Puck is out of play.
8:07 of 2nd period - Zach Stepan wins face-off versus Radel Fazleev in Little Stars zone.
8:30 of 2nd period - Pierre Engvall is hit by Joakim Nygard and loses puck.
8:39 of 2nd period - Snap shot by Jason Dickinson.
8:39 of 2nd period - Stopped by Jake Oettinger with a rebound.
8:51 of 2nd period - Ilya Mikheyev is hit by Paul Cotter and loses puck.
8:59 of 2nd period - Minor Penalty to Emil Bemstrom for Hooking.
9:00 of 2nd period - Daniel O'regan wins face-off versus Trent Frederic in Rampage zone.
9:13 of 2nd period - Slapshot by Daniel O'regan.
9:13 of 2nd period - Shot Blocked by Trent Frederic.
9:15 of 2nd period - Wrist shot by Adam Tambellini.
9:15 of 2nd period - Shot Misses the Net.
10:59 of 2nd period - Penalty to Emil Bemstrom is over, Emil Bemstrom is back on ice.
11:37 of 2nd period - Snap shot by Cal Burke.
11:37 of 2nd period - Shot Blocked by Frederic Allard.
11:51 of 2nd period - Icing by Matt Roy.
11:52 of 2nd period - Dylan Sikura wins face-off versus Radel Fazleev in Rampage zone.
12:01 of 2nd period - Snap shot by Rourke Chartier.
12:01 of 2nd period - Stopped by Michael Houser without a rebound.
12:02 of 2nd period - Rourke Chartier wins face-off versus Ilya Mikheyev in Little Stars zone.
12:07 of 2nd period - Snap shot by Dominik Simon.
12:07 of 2nd period - Goal by Dominik Simon - Rampage : 1 - Little Stars : 1.
12:08 of 2nd period - Rourke Chartier wins face-off versus Daniel O'regan in neutral zone.
12:08 of 2nd period - Rourke Chartier is hit by Wiley Sherman.
12:18 of 2nd period - Snap shot by Rourke Chartier.
12:18 of 2nd period - Shot Misses the Net.
12:20 of 2nd period - Minor Penalty to Anton Cederholm for Holding.
12:21 of 2nd period - Daniel O'regan wins face-off versus Rourke Chartier in Little Stars zone.
12:34 of 2nd period - Snap shot by Rourke Chartier.
12:34 of 2nd period - Shot Misses the Net.
12:56 of 2nd period - Snap shot by Joachim Blichfeld.
12:56 of 2nd period - Deflect By Pierre Engvall.
12:56 of 2nd period - Goal by Pierre Engvall - Rampage : 2 - Little Stars : 1.
12:57 of 2nd period - Daniel O'regan wins face-off versus Rourke Chartier in neutral zone.
13:55 of 2nd period - Wrist shot by Artturi Lehkonen.
13:55 of 2nd period - Stopped by Michael Houser with a rebound.
13:57 of 2nd period - Slapshot by Dylan Sikura.
13:57 of 2nd period - Stopped by Michael Houser without a rebound.
13:58 of 2nd period - Rourke Chartier wins face-off versus Daniel O'regan in Little Stars zone.
13:58 of 2nd period - Minor Penalty to Rourke Chartier for Hooking.
13:59 of 2nd period - Daniel O'regan wins face-off versus Trent Frederic in Rampage zone.
15:58 of 2nd period - Penalty to Rourke Chartier is over, Rourke Chartier is back on ice.
16:00 of 2nd period - Slapshot by Ethan Bear.
16:00 of 2nd period - Stopped by Michael Houser with a rebound.
16:24 of 2nd period - Snap shot by Dominik Simon.
16:24 of 2nd period - Stopped by Michael Houser without a rebound.
16:25 of 2nd period - Filip Chytil wins face-off versus Anthony Richard in Little Stars zone.
16:50 of 2nd period - Frederic Allard is hit by Jason Dickinson.
16:54 of 2nd period - Jason Dickinson is hit by Trent Frederic and loses puck.
17:18 of 2nd period - Minor Penalty to Evan Bouchard for Roughing.
17:19 of 2nd period - Daniel O'regan wins face-off versus Rourke Chartier in Little Stars zone.
17:30 of 2nd period - Slapshot by Ethan Bear.
17:30 of 2nd period - Stopped by Michael Houser without a rebound.
17:31 of 2nd period - Rourke Chartier wins face-off versus Daniel O'regan in Little Stars zone.
17:42 of 2nd period - Snap shot by Dominik Simon.
17:42 of 2nd period - Stopped by Michael Houser with a rebound.
17:44 of 2nd period - Snap shot by Dominik Simon.
17:44 of 2nd period - Shot Misses the Net.
17:46 of 2nd period - Slapshot by Jordan Kyrou.
17:46 of 2nd period - Stopped by Michael Houser with a rebound.
17:48 of 2nd period - Snap shot by Dominik Simon.
17:48 of 2nd period - Shot Blocked by Daniel O'regan.
18:06 of 2nd period - Slapshot by Jeremy Lauzon.
18:06 of 2nd period - Stopped by Michael Houser with a rebound.
18:08 of 2nd period - Slapshot by Ethan Bear.
18:08 of 2nd period - Shot Misses the Net.
19:18 of 2nd period - Penalty to Evan Bouchard is over, Evan Bouchard is back on ice.
19:36 of 2nd period - Artturi Lehkonen is hit by Shane Gersich and loses puck.
19:53 of 2nd period - Emil Bemstrom is hit by Anton Cederholm.
19:57 of 2nd period - Ethan Bear is hit by Jason Dickinson and loses puck.
Goals for this period are 2 for Rampage vs 1 for Little Stars.
Shots for this period are 13 for Rampage vs 6 for Little Stars.
3rd period
0:01 of 3rd period - Rourke Chartier wins face-off versus Daniel O'regan in neutral zone.
0:08 of 3rd period - Dominik Simon is hit by Wiley Sherman and loses puck.
0:15 of 3rd period - Snap shot by Daniel O'regan.
0:15 of 3rd period - Shot Misses the Net.
0:17 of 3rd period - Slapshot by Anton Cederholm.
0:17 of 3rd period - Stopped by Jake Oettinger with a rebound.
0:48 of 3rd period - Snap shot by Artturi Lehkonen.
0:48 of 3rd period - Stopped by Michael Houser with a rebound.
0:50 of 3rd period - Slapshot by Zach Stepan.
0:50 of 3rd period - Shot Misses the Net.
0:52 of 3rd period - Wrist shot by Artturi Lehkonen.
0:52 of 3rd period - Shot Misses the Net.
1:25 of 3rd period - Off-side.
1:26 of 3rd period - Daniel O'regan wins face-off versus Trent Frederic in neutral zone.
2:00 of 3rd period - Snap shot by Emile Poirier.
2:00 of 3rd period - Stopped by Jake Oettinger with a rebound.
2:02 of 3rd period - Snap shot by Emile Poirier.
2:02 of 3rd period - Stopped by Jake Oettinger with a rebound.
2:04 of 3rd period - Wrist shot by Filip Chytil.
2:04 of 3rd period - Goal by Filip Chytil - Rampage : 2 - Little Stars : 2.
2:05 of 3rd period - Daniel O'regan wins face-off versus Rourke Chartier in neutral zone.
2:10 of 3rd period - Ethan Bear is hit by Daniel O'regan and loses puck.
2:46 of 3rd period - Slapshot by Jeremy Lauzon.
2:46 of 3rd period - Stopped by Michael Houser without a rebound.
2:47 of 3rd period - Zach Stepan wins face-off versus Jason Dickinson in Little Stars zone.
3:25 of 3rd period - Joachim Blichfeld is hit by Ilya Mikheyev.
3:40 of 3rd period - Snap shot by Adam Tambellini.
3:40 of 3rd period - Shot Misses the Net.
3:42 of 3rd period - Slapshot by Daniel O'regan.
3:42 of 3rd period - Shot Blocked by Henri Jokiharju.
3:44 of 3rd period - Wrist shot by Ilya Mikheyev.
3:44 of 3rd period - Shot Misses the Net.
3:46 of 3rd period - Snap shot by Daniel O'regan.
3:46 of 3rd period - Goal by Daniel O'regan - Rampage : 2 - Little Stars : 3.
3:47 of 3rd period - Rourke Chartier wins face-off versus Matt Luff in neutral zone.
4:20 of 3rd period - Wrist shot by Shane Gersich.
4:20 of 3rd period - Shot Blocked by Joachim Blichfeld.
4:36 of 3rd period - Wrist shot by Ilya Mikheyev.
4:36 of 3rd period - Stopped by Jake Oettinger with a rebound.
4:38 of 3rd period - Slapshot by Connor Mackey.
4:38 of 3rd period - Stopped by Jake Oettinger with a rebound.
5:02 of 3rd period - Snap shot by Filip Chytil.
5:02 of 3rd period - Shot Misses the Net.
5:24 of 3rd period - Snap shot by Shane Gersich.
5:24 of 3rd period - Shot Blocked by Dylan Sikura.
5:26 of 3rd period - Slapshot by Lawrence Pilut.
5:26 of 3rd period - Stopped by Jake Oettinger without a rebound.
5:27 of 3rd period - Anthony Richard wins face-off versus Daniel O'regan in Rampage zone.
5:36 of 3rd period - Snap shot by Anthony Richard.
5:36 of 3rd period - Stopped by Michael Houser with a rebound.
5:38 of 3rd period - Slapshot by Dylan Blujus.
5:38 of 3rd period - Stopped by Michael Houser with a rebound.
6:22 of 3rd period - Snap shot by Shane Gersich.
6:22 of 3rd period - Stopped by Jake Oettinger without a rebound.
6:23 of 3rd period - Rourke Chartier wins face-off versus Daniel O'regan in Rampage zone.
6:23 of 3rd period - Rourke Chartier is hit by Daniel O'regan.
6:51 of 3rd period - Wrist shot by Joakim Nygard.
6:51 of 3rd period - Shot Misses the Net.
6:53 of 3rd period - Snap shot by Evan Bouchard.
6:53 of 3rd period - Deflect By Joakim Nygard.
6:53 of 3rd period - Stopped by Jake Oettinger with a rebound.
6:55 of 3rd period - Slapshot by Evan Bouchard.
6:55 of 3rd period - Deflect By Anthony Richard.
6:55 of 3rd period - Stopped by Jake Oettinger with a rebound.
6:57 of 3rd period - Slapshot by Reece Willcox.
6:57 of 3rd period - Stopped by Jake Oettinger without a rebound.
6:58 of 3rd period - Anthony Richard wins face-off versus Daniel O'regan in Rampage zone.
7:29 of 3rd period - Snap shot by Joakim Nygard.
7:29 of 3rd period - Stopped by Jake Oettinger with a rebound.
7:55 of 3rd period - Wiley Sherman is hit by Dominik Simon and loses puck.
8:12 of 3rd period - Slapshot by Shane Gersich.
8:12 of 3rd period - Shot Blocked by Jeremy Lauzon.
9:10 of 3rd period - Paul Cotter is hit by Cal Burke and loses puck.
9:44 of 3rd period - Zach Stepan is hit by Ilya Mikheyev and loses puck.
9:55 of 3rd period - Minor Penalty to Artturi Lehkonen for Holding.
9:56 of 3rd period - Daniel O'regan wins face-off versus Trent Frederic in Rampage zone.
10:06 of 3rd period - Off-side.
10:07 of 3rd period - Daniel O'regan wins face-off versus Trent Frederic in neutral zone.
10:10 of 3rd period - Snap shot by Wiley Sherman.
10:10 of 3rd period - Stopped by Jake Oettinger without a rebound.
10:11 of 3rd period - Daniel O'regan wins face-off versus Trent Frederic in Rampage zone.
10:12 of 3rd period - Snap shot by Ilya Mikheyev.
10:12 of 3rd period - Goal by Ilya Mikheyev - Rampage : 2 - Little Stars : 4.
10:13 of 3rd period - Daniel O'regan wins face-off versus Rourke Chartier in neutral zone.
11:48 of 3rd period - Wrist shot by Rourke Chartier.
11:48 of 3rd period - Shot Misses the Net.
12:06 of 3rd period - Snap shot by Joakim Nygard.
12:06 of 3rd period - Shot Blocked by Ethan Bear.
12:08 of 3rd period - Slapshot by Jason Dickinson.
12:08 of 3rd period - Goal by Jason Dickinson - Rampage : 2 - Little Stars : 5.
12:09 of 3rd period - Daniel O'regan wins face-off versus Rourke Chartier in neutral zone.
12:21 of 3rd period - Minor Penalty to Daniel O'regan for Hooking.
12:22 of 3rd period - Jason Dickinson wins face-off versus Rourke Chartier in Little Stars zone.
14:21 of 3rd period - Penalty to Daniel O'regan is over, Daniel O'regan is back on ice.
14:47 of 3rd period - Wrist shot by Joakim Nygard.
14:47 of 3rd period - Shot Misses the Net.
14:49 of 3rd period - Snap shot by Daniel O'regan.
14:49 of 3rd period - Stopped by Jake Oettinger without a rebound.
14:50 of 3rd period - Dylan Sikura wins face-off versus Daniel O'regan in Rampage zone.
15:22 of 3rd period - Snap shot by Trent Frederic.
15:22 of 3rd period - Shot Misses the Net.
15:24 of 3rd period - Slapshot by Dylan Blujus.
15:24 of 3rd period - Shot Blocked by Wiley Sherman.
15:34 of 3rd period - Anton Cederholm is hit by Rourke Chartier and loses puck.
15:57 of 3rd period - Slapshot by Matt Roy.
15:57 of 3rd period - Stopped by Michael Houser with a rebound.
16:55 of 3rd period - Snap shot by Emil Bemstrom.
16:55 of 3rd period - Stopped by Michael Houser without a rebound.
16:56 of 3rd period - Jason Dickinson wins face-off versus Anthony Richard in Little Stars zone.
16:56 of 3rd period - Jason Dickinson is hit by Anthony Richard.
17:29 of 3rd period - Rourke Chartier is hit by Daniel O'regan and loses puck.
18:06 of 3rd period - Snap shot by Paul Cotter.
18:06 of 3rd period - Shot Misses the Net.
18:34 of 3rd period - Wrist shot by Anthony Richard.
18:34 of 3rd period - Shot Misses the Net.
18:40 of 3rd period - Slapshot by Jordan Kyrou.
18:40 of 3rd period - Stopped by Michael Houser without a rebound.
18:41 of 3rd period - Rourke Chartier wins face-off versus Daniel O'regan in Little Stars zone.
18:44 of 3rd period - Snap shot by Dominik Simon.
18:44 of 3rd period - Shot Misses the Net.
18:46 of 3rd period - Snap shot by Dominik Simon.
18:46 of 3rd period - Deflect By Daniel O'regan.
18:46 of 3rd period - Stopped by Michael Houser without a rebound.
18:47 of 3rd period - Rourke Chartier wins face-off versus Daniel O'regan in Little Stars zone.
19:04 of 3rd period - Snap shot by Dominik Simon.
19:04 of 3rd period - Stopped by Michael Houser with a rebound.
19:18 of 3rd period - Slapshot by Joakim Nygard.
19:18 of 3rd period - Stopped by Jake Oettinger without a rebound.
19:19 of 3rd period - Anthony Richard wins face-off versus Jason Dickinson in Rampage zone.
19:24 of 3rd period - Wrist shot by Jason Dickinson.
19:24 of 3rd period - Deflect By Joakim Nygard.
19:24 of 3rd period - Stopped by Jake Oettinger without a rebound.
19:25 of 3rd period - Daniel O'regan wins face-off versus Anthony Richard in Rampage zone.
19:26 of 3rd period - Snap shot by Ilya Mikheyev.
19:26 of 3rd period - Goal by Ilya Mikheyev - Rampage : 2 - Little Stars : 6.
19:27 of 3rd period - Daniel O'regan wins face-off versus Rourke Chartier in neutral zone.
19:33 of 3rd period - Minor Penalty to Joachim Blichfeld for Holding.
19:34 of 3rd period - Pierre Engvall wins face-off versus Daniel O'regan in Rampage zone.
19:46 of 3rd period - Snap shot by Adam Tambellini.
19:46 of 3rd period - Stopped by Jake Oettinger with a rebound.
Goals for this period are 0 for Rampage vs 5 for Little Stars.
Shots for this period are 9 for Rampage vs 21 for Little Stars.